 Dungeon Crawl Stone Soup version 0.21-a0-522-ga8338f0 (webtiles) character file.

42 KristoblXynda the Slasher (level 3, -3/29 HPs)
             Began as a Draconian Gladiator on Dec 6, 2017.
             Slain by Robin
             ... wielding a +0 trident
              (6 damage)
             ... on level 2 of the Dungeon.
             The game lasted 00:01:34 (1239 turns).

KristoblXynda the Slasher (Draconian Gladiator)     Turns: 1239, Time: 00:01:35

Health: -3/29      AC:  5    Str: 16    XL:     3   Next: 33%
Magic:  3/3        EV: 13    Int:  9    God:
Gold:   6          SH:  0    Dex: 12    Spells: 2/2 levels left

rFire    . . .     SeeInvis .   a - +0 long sword
rCold    . . .     Gourm    .   (no shield)
rNeg     . . .     Faith    .   (armour unavailable)
rPois    .         Spirit   .   b - +0 hat
rElec    .         Reflect  .   (no cloak)
rCorr    .         Harm     .   (no gloves)
MR       .....                  (no boots)
Stlth    +.........             (no amulet)
HPRegen  0.09/turn              (no ring)
MPRegen  0.08/turn              (no ring)

@: no status effects
A: unfitting armour, cold-blooded, AC +5
a: no special abilities


You were on level 2 of the Dungeon.
You were very hungry.

You visited 1 branch of the dungeon, and saw 2 of its levels.

You collected 6 gold pieces.

Inventory:

Hand Weapons
 a - a +0 long sword (weapon)
Missiles
 c - 3 throwing nets (quivered)
Armour
 b - a +0 hat (worn)
Jewellery
 i - a +5 ring of strength {unknown}
Scrolls
 e - a scroll of remove curse {unknown}
 h - a scroll of teleportation {unknown}
Potions
 f - a potion of magic {unknown}
 g - a potion of berserk rage {unknown}
 k - a potion of brilliance {unknown}
Comestibles
 d - a bread ration
 j - a royal jelly


   Skills:
 - Level 2.1 Fighting
 + Level 3.5 Long Blades
 + Level 2.4 Throwing
 + Level 3.2 Dodging


You had 2 spell levels left.
You didn't know any spells.

Dungeon Overview and Level Annotations

Branches:
Dungeon (2/15)

Altars:
Elyvilon

Annotations:
D:2 Robin


Innate Abilities, Weirdness & Mutations

Your plain brown scales are hard. (AC +5)
You cannot fit into any form of body armour.
You are cold-blooded and may be slowed by cold attacks.


Message History

Robin throws the goblin at you! The goblin closely misses you.
You closely miss Robin.
Robin is moderately wounded.
The goblin completely misses you.
Robin roars a battlecry!
The goblins go into a battle-frenzy!
The goblin closely misses you.
You riposte.
You miss the goblin.
Your tail-slap misses the goblin.
You slash Robin!
Robin is severely wounded.
The goblin hits you. The goblin hits you with a club.
* * * LOW HITPOINT WARNING * * *
You hit Robin but do no damage.
Robin is severely wounded.
The goblin completely misses you.
Robin roars a battlecry!
The goblin hits you with a club.
* * * LOW HITPOINT WARNING * * *
The goblin barely misses you. Robin hits you with a trident.
You die...

#.##### #.#...#
######## #.#.#.#
#......# #.#.#.#
#.####.#
#.#.#.####.####.#
##.#...........#.#
#......####.##...##
#..>....#
#.gg#...##
...........#
##@###...#
######.#...# #g##
##..# #.#####
##.###...# #.#
##r#...## #'#
#.gg..## .. #%##.##
#####g##.##
#...grg...#
#.#.gg..#.#


You could see Robin and 2 goblins.

Vanquished Creatures
  A dart slug (D:1)
  4 leopard geckos (D:1)
  3 bats
  3 giant cockroaches
  6 goblins
  4 hobgoblins
  4 frilled lizards (D:1)
  5 kobolds
  4 rats
34 creatures vanquished.

Notes
Turn   | Place    | Note
-------+----------+-------------------------------------------
     0 | D:1      | KristoblXynda the Draconian Gladiator began the quest for the Orb.
     0 | D:1      | Reached XP level 1. HP: 17/17 MP: 1/1
    64 | D:1      | Reached XP level 2. HP: 14/24 MP: 2/2
   637 | D:1      | Reached XP level 3. HP: 29/29 MP: 3/3
  1210 | D:2      | Found a white marble altar of Elyvilon.
  1212 | D:2      | Noticed Robin
  1239 | D:2      | Slain by Robin

Vault maps used:
D:1:      ncdulo_halloftheorcs, minmay_misc_feat_five
D:2:      old_standard_altar, elyvilon_altar_5, first_bread, uniq_robin

Skill      XL: |  1  2 |
---------------+-------+-----
Throwing       | 2 |  2.4
Dodging        | 3 |  3.2
Fighting       | |  2.1
Long Blades    | |  3.5

Action                   || total
-------------------------++-------
Melee: Long sword        ||    92
       Tailslap          ||    11
 Stab: Sleeping          ||     2
Armor: Skin              ||    30
Dodge: Dodged            ||    79
       Rpst.: Long sword ||    21

Table legend:
 A = Spawn XP
 B = Non-spawn XP
 C = Spawn XP percentage of total XP
 D = Spawn monster count
 E = Non-spawn monster count
 F = Spawn count percentage of total count
 G = Total turns spent on level
                    A         B        C        D         E        F      G
               +---------+---------+-------+---------+---------+-------+---------
         Total |       0 |      60 |   0.0 |       0 |      34 |   0.0 |  1239
               +---------+---------+-------+---------+---------+-------+---------
           D:1 |       0 |      44 |   0.0 |       0 |      24 |   0.0 |   938
           D:2 |       0 |      16 |   0.0 |       0 |      10 |   0.0 |   301
               +---------+---------+-------+---------+---------+-------+---------
